[Event "Titled Tuesday Blitz May 4 2021"]
[White "Wu, Christopher"]
[Black "Begunov, Konstantin"]
[WhiteFideId "2040875"]
[BlackFideId "4118510"]
[WhiteElo "2602"]
[BlackElo "2262"]
[Result "0-1"]
[Round "01"]
[TimeControl "180+1"]
[Date "2021.05.04"]
[WhiteClock "0:00:06"]
[BlackClock "0:00:11"]

1. e4 c5 2. Nf3 d6 3. d4 cxd4 4. Nxd4 Nf6 5. Nc3 a6 6. h3 b5 7. g4 Bb7 8. Bg2 e6 9. a3 d5 10. e5 Nfd7 11. Bf4 g5 12. Bg3 Bg7 13. Qe2 Qc7 14. Nf3 h6 15. O-O Nc6 16. Rfe1 Na5 17. Rad1 Nc4 18. Nxd5 Bxd5 19. Rxd5 exd5 20. e6 Nde5 21. Nxe5 Nxe5 22. exf7+ Qxf7 23. Bxe5 O-O 24. Bxg7 Kxg7 25. Qe5+ Qf6 26. Qxf6+ Rxf6 27. Bxd5 Rd8 28. Be4 Re6 29. Re2 Kf6 30. f3 Rd1+ 31. Kf2 Red6 32. Bf5 R1d2 33. Ke3 Rxe2+ 34. Kxe2 Ke5 35. b3 Kf4 36. c4 bxc4 37. bxc4 Rd4 38. Be6 Ke5 39. Bd5 Kf4 40. Be6 a5 41. a4 Rd6 42. Bd5 Rb6 43. c5 Rb1 44. c6 Rc1 45. Kd3 Ke5 46. Be4 Rc5 47. Ke3 Rc3+ 48. Kd2 Kd4 49. Ke2 Rc5 50. Kd2 Rc4 51. Kd1 Rxa4 52. Kc2 Rc4+ 53. Kb3 Rc5 54. Ka4 Ke5 55. Kb3 Kd6 56. Ka4 Kc7 57. Kb3 Kb6 58. Ka4 Rc1 59. Kb3 Rh1 60. Kc4 Rxh3 61. Kd5 Rh2 62. Ke5 a4 63. Kd4 a3 0-1


[Site "https://www.chess.com"]

[Event "Titled Tuesday Blitz May 4 2021"]
[White "Xiong, Jeffery"]
[Black "De Waele, Warre"]
[WhiteFideId "2047640"]
[BlackFideId "241156"]
[WhiteElo "2724"]
[BlackElo "2183"]
[Result "1-0"]
[Round "01"]
[TimeControl "180+1"]
[Date "2021.05.04"]
[WhiteClock "0:01:28"]
[BlackClock "0:00:11"]

1. e4 e5 2. Nf3 Nc6 3. Nc3 Nf6 4. d4 exd4 5. Nxd4 Bb4 6. Nxc6 bxc6 7. Bd3 d5 8. exd5 O-O 9. O-O cxd5 10. Qf3 c6 11. h3 Bd6 12. Bf4 Rb8 13. b3 Be6 14. Ne2 c5 15. Rad1 Re8 16. Rfe1 Qc7 17. Bg5 Ne4 18. Bxe4 dxe4 19. Qe3 f5 20. Bf4 Bxf4 21. Nxf4 Bf7 22. Nd5 Qc6 23. c4 a5 24. Qg5 Bxd5 25. Rxd5 a4 26. Qxf5 axb3 27. axb3 Rxb3 28. Rxe4 Rf8 29. Qe5 Qf6 30. f3 Rc3 31. Qxf6 Rxf6 32. Rxc5 Rc2 33. Rc8+ Kf7 34. Rc7+ Kg6 35. Rg4+ Kf5 36. Rgxg7 1-0


[Site "https://www.chess.com"]

[Event "Titled Tuesday Blitz May 4 2021"]
[White "Yang, Kaiqi"]
[Black "Obsivac, Josef"]
[WhiteFideId "8604398"]
[BlackFideId "303690"]
[WhiteElo "2373"]
[BlackElo "2199"]
[Result "1-0"]
[Round "01"]
[TimeControl "180+1"]
[Date "2021.05.04"]
[WhiteClock "0:00:22"]
[BlackClock "0:00:06"]

1. d4 Nf6 2. Nf3 g6 3. Nbd2 Bg7 4. e4 d6 5. Bb5+ c6 6. Bd3 O-O 7. O-O Nbd7 8. Re1 e5 9. c3 Qc7 10. a4 a5 11. Qc2 Re8 12. dxe5 dxe5 13. Bf1 Nc5 14. h3 Nh5 15. Nc4 Nf4 16. Kh2 h6 17. g3 Nfe6 18. Be3 Nd7 19. Rad1 Bf8 20. Rd2 b5 21. Na3 Rb8 22. axb5 cxb5 23. Nxb5 Qb7 24. Red1 Ndc5 25. Rd5 a4 26. Nxe5 Nb3 27. Nd7 Bxd7 28. Rxd7 Qc6 29. Na7 Ned4 30. R7xd4 Nxd4 31. Rxd4 Qb7 32. Rxa4 Qxb2 33. Qxb2 Rxb2 34. Nb5 Rb8 35. c4 Rc2 36. Ra7 Rc8 37. e5 Bc5 38. Bxc5 Rxc5 39. Kg1 Rxe5 40. Ra1 Rf5 41. Nd4 1-0


[Site "https://www.chess.com"]

[Event "Titled Tuesday Blitz May 4 2021"]
[White "Yashmetov, Mikhail"]
[Black "Region_07"]
[WhiteFideId "24198900"]
[WhiteElo "2320"]
[BlackElo "2362"]
[Result "0-1"]
[Round "01"]
[TimeControl "180+1"]
[Date "2021.05.04"]
[WhiteClock "0:00:12"]
[BlackClock "0:00:06"]

1. d4 d5 2. c4 Nc6 3. Nf3 Bg4 4. cxd5 Bxf3 5. dxc6 Bxc6 6. Nc3 e6 7. Bf4 Bd6 8. Bxd6 Qxd6 9. Qd2 Nf6 10. f3 Rd8 11. Rd1 O-O 12. e4 Qe7 13. Be2 b6 14. O-O Bb7 15. Qe3 e5 16. d5 c6 17. dxc6 Bxc6 18. a3 Rxd1 19. Rxd1 Rd8 20. Rd3 h6 21. b4 Rd6 22. g3 Qd8 23. b5 Bb7 24. a4 Qc7 25. Kg2 Nd7 26. Nd5 Bxd5 27. exd5 Qc5 28. Qe4 Qc2 29. Qe3 Nc5 30. Rc3 Qb2 31. Qxe5 Kh7 32. Kh3 Rg6 33. Re3 Qc1 34. d6 Nd7 35. Qf5 Nf6 36. Bd3 Qxe3 37. d7 Qd4 0-1


[Site "https://www.chess.com"]

[Event "Titled Tuesday Blitz May 4 2021"]
[White "Yoo, Christopher Woojin"]
[Black "Kusa, Jakub"]
[WhiteFideId "30909694"]
[BlackFideId "395595"]
[WhiteElo "2009"]
[BlackElo "2053"]
[Result "1-0"]
[Round "01"]
[TimeControl "180+1"]
[Date "2021.05.04"]
[WhiteClock "0:00:03"]
[BlackClock "0:00:02"]

1. d4 Nf6 2. Nf3 e6 3. c4 d5 4. Nc3 Nbd7 5. cxd5 exd5 6. Bf4 c6 7. e3 Be7 8. h3 O-O 9. Qc2 Re8 10. Bd3 g6 11. O-O Nb6 12. Rfe1 Be6 13. a3 a5 14. b3 Bd6 15. Bg5 Be7 16. Qb2 Nh5 17. Bxe7 Qxe7 18. b4 axb4 19. axb4 Qf6 20. b5 Rxa1 21. Rxa1 cxb5 22. Qxb5 Bd7 23. Nxd5 Qd6 24. Qxb6 Qxd5 25. Ra5 Qc6 26. Qxc6 Bxc6 27. Ne5 Nf6 28. Rc5 Nd7 29. Nxd7 Bxd7 30. Rc7 Bc6 31. Bc4 Rf8 32. d5 Ba4 33. Rxb7 Kg7 34. d6 Kf6 35. f4 g5 36. g3 h5 37. e4 h4 38. e5+ Kg6 39. Bd3+ Kh6 40. e6 hxg3 41. e7 Rc8 42. d7 Rc1+ 43. Bf1 Bc6 44. d8=Q g2 45. Qh8+ Kg6 46. Qg8+ Kf5 47. Qxg5+ Ke6 48. Qe5# 1-0


[Site "https://www.chess.com"]

[Event "Titled Tuesday Blitz May 4 2021"]
[White "Yurtseven, Melih"]
[Black "Spencenzug"]
[WhiteFideId "6312160"]
[WhiteElo "2160"]
[BlackElo "2317"]
[Result "0-1"]
[Round "01"]
[TimeControl "180+1"]
[Date "2021.05.04"]
[WhiteClock "0:00:08"]
[BlackClock "0:00:03"]

1. d4 Nf6 2. c4 e6 3. Nc3 Bb4 4. Qc2 O-O 5. e4 d5 6. e5 Ne4 7. Bd3 c5 8. Nf3 cxd4 9. Nxd4 Nd7 10. Bf4 Ndc5 11. O-O Bxc3 12. bxc3 Bd7 13. Be2 Qa5 14. Rfc1 Ba4 15. Qb2 Bc6 16. cxd5 Bxd5 17. c4 Bc6 18. Nb3 Qb6 19. Be3 Rfc8 20. Qa3 Nxb3 21. Bxb6 Nxc1 22. Qxc1 axb6 23. Qe3 Nc5 24. h4 Rd8 25. h5 h6 26. g4 Ra5 27. g5 Ne4 28. gxh6 Rxe5 29. f4 Rf5 30. Bd3 Rxd3 31. Qxd3 Rxf4 32. h7+ Kxh7 33. Rf1 Rg4+ 34. Kh2 Kh6 35. Qe3+ Kxh5 36. Rxf7 Ng5 37. Rf4 Rg2+ 38. Kh1 Re2+ 39. Qf3+ Nxf3 40. c5 Rh2# 0-1


[Site "https://www.chess.com"]

[Event "Titled Tuesday Blitz May 4 2021"]
[White "Zaichenko, Daria"]
[Black "Jacobson, Aaron"]
[WhiteFideId "4197453"]
[BlackFideId "2089912"]
[WhiteElo "2039"]
[BlackElo "2260"]
[Result "1-0"]
[Round "01"]
[TimeControl "180+1"]
[Date "2021.05.04"]
[WhiteClock "0:00:12"]
[BlackClock "0:00:02"]

1. e4 d5 2. exd5 Nf6 3. Bb5+ Nbd7 4. c4 a6 5. Bxd7+ Qxd7 6. Nf3 e6 7. Qe2 Be7 8. dxe6 Qxe6 9. Qxe6 Bxe6 10. d3 O-O-O 11. Ne5 Ng4 12. Nxg4 Bxg4 13. O-O Rxd3 14. Nc3 Be6 15. Be3 Bxc4 16. Rfe1 Bb4 17. a3 Bd6 18. Rad1 Rxd1 19. Rxd1 f6 20. f4 Re8 21. Kf2 g5 22. fxg5 fxg5 23. Bxg5 Rf8+ 24. Kg1 Bc5+ 25. Kh1 b5 26. Ne4 Bb6 27. Nf6 h6 28. Nd7 Rf2 29. Nxb6+ cxb6 30. Be3 Rxb2 31. Bxb6 h5 32. g3 Be2 33. Rc1+ Kb7 34. Ba5 Bf3+ 35. Kg1 Rg2+ 36. Kf1 Rxh2 37. Rc7+ Kb8 38. Rf7 Bg4 39. Rf2 Rh1+ 40. Kg2 Ra1 41. Bb4 a5 42. Bd6+ Kb7 43. Rc2 Kb6 44. Bc5+ Ka6 45. Bd6 Bf5 46. Rc5 Be4+ 47. Kf2 Ra2+ 48. Ke3 Bg6 49. Rg5 Be8 50. Rg8 Bc6 51. Rg5 Kb7 52. Rxh5 b4 53. axb4 a4 54. Ra5 Ra1 55. Kd2 a3 56. Kc3 a2 57. Kb2 Rd1 58. Kxa2 1-0


[Site "https://www.chess.com"]

[Event "Titled Tuesday Blitz May 4 2021"]
[White "Zaksaite, Salomeja"]
[Black "Molchanov, Alexander"]
[WhiteFideId "12801496"]
[BlackFideId "24177687"]
[WhiteElo "2002"]
[BlackElo "2529"]
[Result "0-1"]
[Round "01"]
[TimeControl "180+1"]
[Date "2021.05.04"]
[WhiteClock "0:00:19"]
[BlackClock "0:01:09"]

1. g3 Nf6 2. Bg2 d5 3. d3 g6 4. Nd2 Bg7 5. e3 O-O 6. Ne2 b6 7. O-O Bb7 8. b3 c5 9. Bb2 Nc6 10. h3 Qc7 11. f4 e5 12. fxe5 Nxe5 13. Nf3 Nfg4 14. hxg4 Nxf3+ 15. Bxf3 Bxb2 16. Rb1 Be5 17. Kg2 Rae8 18. d4 Bg7 19. Qd3 Bh6 20. Nf4 cxd4 21. Nxd5 Bxd5 22. Bxd5 Rxe3 23. Qc4 Qxg3+ 24. Kh1 Qh3+ 25. Kg1 Rg3+ 26. Kf2 Qh2+ 27. Ke1 Qd2# 0-1


[Site "https://www.chess.com"]

[Event "Titled Tuesday Blitz May 4 2021"]
[White "Zeydan, Salih"]
[Black "Nazaretyan, Tigran"]
[WhiteFideId "6361722"]
[BlackFideId "24162345"]
[WhiteElo "1988"]
[BlackElo "2276"]
[Result "1-0"]
[Round "01"]
[TimeControl "180+1"]
[Date "2021.05.04"]
[WhiteClock "0:00:15"]
[BlackClock "0:00:02"]

1. e4 c5 2. Nf3 d6 3. c3 Nf6 4. Be2 Nc6 5. d3 e5 6. O-O Be7 7. Re1 O-O 8. h3 Re8 9. Bf1 Bf8 10. Nbd2 g6 11. a4 Bg7 12. Nc4 d5 13. exd5 Nxd5 14. Bg5 f6 15. Bd2 Be6 16. a5 Qd7 17. Qc2 b5 18. axb6 axb6 19. Ne3 Nf4 20. Nc4 Nd5 21. Ne3 Nce7 22. d4 cxd4 23. cxd4 Rac8 24. Qb1 exd4 25. Nxd4 Bf7 26. Rd1 Rc5 27. b4 Nxe3 28. Bxe3 Re5 29. b5 Nd5 30. Nc6 Re4 31. Bd3 Rxe3 32. fxe3 Rxe3 33. Bc4 f5 34. Ra7 Qe8 35. Rxf7 Kxf7 36. Bxd5+ Kf8 37. Qb4+ 1-0


[Site "https://www.chess.com"]

[Event "Titled Tuesday Blitz May 4 2021"]
[White "Zhigalko, Sergei"]
[Black "Nayem, Haque"]
[WhiteFideId "13502956"]
[BlackFideId "10217754"]
[WhiteElo "2662"]
[BlackElo "1982"]
[Result "1-0"]
[Round "01"]
[TimeControl "180+1"]
[Date "2021.05.04"]
[WhiteClock "0:00:09"]
[BlackClock "0:00:06"]

1. e4 c5 2. Nf3 Nc6 3. c3 Nf6 4. e5 Nd5 5. Bc4 e6 6. d4 cxd4 7. cxd4 d6 8. O-O Be7 9. Bd2 O-O 10. Nc3 Nxc3 11. Bxc3 dxe5 12. dxe5 Nb4 13. Qe2 Nd5 14. Bd2 a6 15. Rad1 b5 16. Bxd5 exd5 17. Nd4 Qb6 18. Be3 Bc5 19. Qf3 Be6 20. Qg3 Bxd4 21. Rxd4 Qc7 22. Bh6 f5 23. Rc1 Qf7 24. Rc6 Rfe8 25. h4 Rac8 26. Rxa6 Rc4 27. Rxc4 bxc4 28. Rd6 Kh8 29. Be3 Qb7 30. Bd4 Qf7 31. a4 f4 32. Qa3 Qf5 33. a5 Qb1+ 34. Kh2 Qf5 35. a6 f3 36. Qxf3 Qxf3 37. gxf3 Kg8 38. a7 Kf7 39. Rb6 Bd7 40. f4 g6 41. h5 Ra8 42. h6 Ke7 43. Bc5+ Kd8 44. Rb8+ 1-0


[Site "https://www.chess.com"]

[Event "Titled Tuesday Blitz May 4 2021"]
[White "Zhou, Qiyu"]
[Black "Erden, Kadir"]
[WhiteFideId "505161"]
[BlackFideId "6305776"]
[WhiteElo "1925"]
[BlackElo "2218"]
[Result "0-1"]
[Round "01"]
[TimeControl "180+1"]
[Date "2021.05.04"]
[WhiteClock "0:01:15"]
[BlackClock "0:01:24"]

1. e4 c5 2. Nf3 e6 3. d4 cxd4 4. Nxd4 Nc6 5. Nc3 Qc7 6. Be3 a6 7. a3 Nf6 8. Be2 b5 9. Nxc6 dxc6 10. O-O e5 11. Kh1 Bd6 12. Qd2 Be6 13. Rad1 Rd8 14. Qc1 O-O 15. f3 a5 16. Bg5 Be7 17. Qe3 b4 18. axb4 axb4 19. Na4 c5 20. f4 Rxd1 21. Rxd1 exf4 22. Bxf4 Qc6 23. b3 Qxe4 24. Qxe4 Nxe4 25. Kg1 g5 26. Be3 Rc8 27. Nb6 Rc6 28. Nd5 Bxd5 29. Rxd5 Nc3 30. Rd2 Nxe2+ 31. Rxe2 Re6 32. Kf2 Kg7 33. Rd2 g4 34. g3 Rxe3 35. Kxe3 Bg5+ 36. Kd3 Bxd2 37. Kxd2 Kf6 38. Kd3 Ke5 39. Kc4 Kd6 40. Kd3 Kd5 41. Ke3 Ke5 42. Kd3 f5 43. Kc4 f4 44. gxf4+ Kxf4 45. Kxc5 h5 46. Kxb4 h4 47. c4 g3 48. hxg3+ hxg3 49. c5 g2 50. c6 g1=Q 51. c7 Qb6+ 52. Ka4 0-1


[Site "https://www.chess.com"]

[Event "Titled Tuesday Blitz May 4 2021"]
[White "Zhurbinsky, David"]
[Black "Wisniowski, Natalie"]
[WhiteFideId "2072904"]
[BlackFideId "30929261"]
[WhiteElo "2478"]
[BlackElo "1702"]
[Result "1-0"]
[Round "01"]
[TimeControl "180+1"]
[Date "2021.05.04"]
[WhiteClock "0:01:12"]
[BlackClock "0:01:49"]

1. e4 c5 2. Nf3 d6 3. d4 cxd4 4. Nxd4 Nf6 5. f3 e5 6. Nb3 h5 7. c4 Be6 8. Nc3 Qc7 9. Nd5 Bxd5 10. cxd5 g6 11. Be3 Nbd7 12. Rc1 Qd8 13. Bb5 Bg7 14. O-O O-O 15. Qd2 a6 16. Be2 Rc8 17. Rxc8 Qxc8 18. Rc1 Qb8 19. Qc2 b6 20. Bxa6 Nc5 21. Nxc5 bxc5 22. a3 Qb6 23. Bc4 Rb8 24. b4 Qa7 25. Qc3 Qc7 26. bxc5 dxc5 27. a4 Rb4 28. Ra1 Qa7 29. Qxb4 cxb4 30. Bxa7 Bf8 31. a5 Nd7 32. a6 Nc5 33. Bb6 b3 34. Bxb3 Nxb3 35. a7 Bc5+ 36. Bxc5 Nxc5 37. a8=Q+ Kg7 38. Qc6 Kh6 39. Qxc5 Kg5 40. Qe7+ Kh6 41. Ra8 f5 42. Rh8# 1-0


[Site "https://www.chess.com"]

[Event "Titled Tuesday Blitz May 4 2021"]
[White "Zverev, Lev"]
[Black "Niyazgulova, Marina"]
[WhiteFideId "24250775"]
[BlackFideId "24142573"]
[WhiteElo "2107"]
[BlackElo "2087"]
[Result "1/2-1/2"]
[Round "01"]
[TimeControl "180+1"]
[Date "2021.05.04"]
[WhiteClock "0:00:37"]
[BlackClock "0:00:48"]

1. e4 d5 2. exd5 Qxd5 3. Nc3 Qd6 4. d4 Nf6 5. Nf3 c6 6. Bc4 Bf5 7. O-O e6 8. Re1 Be7 9. Ne5 Nbd7 10. Bf4 Qb4 11. Bb3 O-O 12. a3 Qa5 13. Nc4 Qd8 14. Nd6 Bxd6 15. Bxd6 Re8 16. Qf3 Nb6 17. Be5 Nbd5 18. Nxd5 cxd5 19. h3 Rc8 20. Qe2 Ne4 21. c3 h6 22. Ba4 Rf8 23. Bc2 Qb6 24. Bd3 a5 25. a4 Rfe8 26. Bb5 Rf8 27. Ra3 Nd6 28. Rb3 Nxb5 29. Rxb5 Qa6 30. Qe3 Rc4 31. b3 Rc6 32. Qg3 Bg6 33. h4 h5 34. Re3 Rb6 35. Rxb6 Qxb6 36. c4 dxc4 37. bxc4 Qb1+ 38. Kh2 Rc8 39. Rc3 Qa2 40. d5 exd5 41. cxd5 Rxc3 42. Qxc3 f6 43. d6 Bf5 44. Bg3 Qxa4 45. Qf3 Qd7 46. Qxh5 a4 47. Qf3 b5 48. h5 b4 49. h6 gxh6 50. Qf4 b3 51. Qb4 Kg7 52. Qb8 Be6 53. Qb4 Kf7 54. Qe4 Kg7 55. Qb4 Kf7 56. Qe4 Kg7 57. Qb4 1/2-1/2


[Site "https://www.chess.com"]

[Event "Titled Tuesday Blitz May 4 2021"]
[White "elcandado"]
[Black "Cuevas, Alex"]
[BlackFideId "114260"]
[WhiteElo "2624"]
[BlackElo "2289"]
[Result "1-0"]
[Round "01"]
[TimeControl "180+1"]
[Date "2021.05.04"]
[WhiteClock "0:00:59"]
[BlackClock "0:00:04"]

1. d4 Nf6 2. Bf4 e6 3. e3 c5 4. c3 Qb6 5. Qb3 d5 6. Nd2 Nc6 7. Ngf3 Be7 8. h3 O-O 9. Be2 Qxb3 10. axb3 b6 11. Ba6 cxd4 12. exd4 Ne4 13. Nxe4 dxe4 14. Ne5 Nxe5 15. Bxe5 f5 16. Bxc8 Rfxc8 17. Ra6 Rf8 18. Ke2 f4 19. Rha1 f3+ 20. Kf1 fxg2+ 21. Kxg2 Bh4 22. Bg3 Bxg3 23. fxg3 Rf3 24. Rf1 Raf8 25. Rxf3 Rxf3 26. Rxa7 Rd3 27. Kf2 Rd2+ 28. Ke3 Rxb2 29. b4 Rb3 30. Rc7 Rb1 31. Kxe4 Re1+ 32. Kf4 Re2 33. b5 Rc2 34. c4 Rf2+ 35. Ke5 Re2+ 36. Kd6 Rd2 37. Kxe6 Rxd4 38. Rc8+ 1-0


[Site "https://www.chess.com"]

[Event "Titled Tuesday Blitz May 4 2021"]
[White "gross-aleks"]
[Black "Degtiarev, Evgeny"]
[BlackFideId "4149610"]
[WhiteElo "2598"]
[BlackElo "2218"]
[Result "1-0"]
[Round "01"]
[TimeControl "180+1"]
[Date "2021.05.04"]
[WhiteClock "0:00:13"]
[BlackClock "0:00:03"]

1. c4 e5 2. Nc3 Nf6 3. g3 Nc6 4. Bg2 Bc5 5. e3 d5 6. Nxd5 Nxd5 7. cxd5 Nb4 8. d4 exd4 9. exd4 Be7 10. Ne2 Nxd5 11. Nc3 Nxc3 12. bxc3 O-O 13. O-O c6 14. a4 Be6 15. Rb1 Rb8 16. Bf4 Bd6 17. Qd2 Re8 18. Bxd6 Qxd6 19. Qd3 Bd5 20. c4 Bxg2 21. Kxg2 Re7 22. Rfe1 Rd8 23. Rxe7 Qxe7 24. d5 cxd5 25. cxd5 Qd7 26. Rb4 b6 27. Rd4 Qd6 28. h4 h6 29. Qe4 a6 30. Qd3 Qc5 31. d6 b5 32. axb5 axb5 33. d7 Qc6+ 34. Kh2 b4 35. Qe3 b3 36. Qe7 Qf6 37. Qe8+ Kh7 38. Qe4+ g6 39. Rd2 b2 40. Qb7 Qc3 41. Rxb2 Qd4 42. Qc8 Qxd7 43. Qc3 Qd4 44. Qc2 Qd3 45. Qa4 Qd4 46. Qa2 Qd5 47. Qb1 Qd3 48. Qe1 Kg7 49. Qe5+ Kh7 50. Rb7 Rd7 51. Rb8 Qd4 52. Rh8# 1-0


[Site "https://www.chess.com"]

[Event "Titled Tuesday Blitz May 4 2021"]
[White "maxsergej"]
[Black "Ezat, Mohamed"]
[BlackFideId "10600906"]
[WhiteElo "2044"]
[BlackElo "2417"]
[Result "0-1"]
[Round "01"]
[TimeControl "180+1"]
[Date "2021.05.04"]
[WhiteClock "0:00:08"]
[BlackClock "0:01:16"]

1. e4 c6 2. d4 d5 3. exd5 cxd5 4. c4 Nf6 5. Nc3 Nc6 6. Nf3 Bg4 7. cxd5 Nxd5 8. Qb3 Bxf3 9. gxf3 Nb6 10. Be3 e6 11. Rd1 Be7 12. Rg1 O-O 13. Bd3 Bf6 14. Ne4 Bxd4 15. Ng5 g6 16. Be4 Qf6 17. Bxc6 Bxe3 18. Qxe3 bxc6 19. Ne4 Qxb2 20. Qg5 f5 21. Nd2 Rad8 22. h4 Qf6 23. Qh6 Qg7 24. Qe3 Nd5 25. Qc5 Nf4 26. Qxc6 Qe5+ 0-1


[Site "https://www.chess.com"]

[Event "Titled Tuesday Blitz May 4 2021"]
[White "parintele_chess"]
[Black "Sergey85Rodchenkov"]
[WhiteElo "2217"]
[BlackElo "2541"]
[Result "0-1"]
[Round "01"]
[TimeControl "180+1"]
[Date "2021.05.04"]
[WhiteClock "0:01:28"]
[BlackClock "0:02:19"]

1. e4 c5 2. Nf3 d6 3. g3 Nc6 4. Bg2 Bg4 5. h3 Bxf3 6. Bxf3 g6 7. c3 Bg7 8. O-O e6 9. d3 Nge7 10. Bg2 O-O 11. f4 Rb8 12. a4 a6 13. Nd2 b5 14. axb5 axb5 15. g4 b4 16. f5 bxc3 17. bxc3 Bxc3 18. Ra3 Bd4+ 19. Kh1 Ne5 20. Nf3 Nxf3 21. Qxf3 Nc6 22. f6 Rb1 23. Bg5 Rxf1+ 24. Qxf1 Qb6 25. Qe1 Qb2 26. Ra6 Ne5 27. Rxd6 Nxd3 0-1


[Site "https://www.chess.com"]

[Event "Titled Tuesday Blitz May 4 2021"]
[White "serhanberat_ozdemir"]
[Black "Abdisalimov, Abdimalik"]
[BlackFideId "14206323"]
[WhiteElo "2597"]
[BlackElo "2389"]
[Result "0-1"]
[Round "01"]
[TimeControl "180+1"]
[Date "2021.05.04"]
[WhiteClock "0:00:01"]
[BlackClock "0:00:30"]

1. e4 c5 2. Nf3 d6 3. d4 cxd4 4. Nxd4 Nf6 5. Nc3 a6 6. f3 e5 7. Nb3 Qc7 8. Be3 Be7 9. Qd2 b5 10. O-O-O O-O 11. g4 Be6 12. h4 Nbd7 13. h5 h6 14. g5 hxg5 15. Bxg5 b4 16. Nd5 Bxd5 17. exd5 a5 18. Kb1 a4 19. Nc1 Rfc8 20. Bd3 b3 21. cxb3 axb3 22. Nxb3 Qa7 23. a3 Rcb8 24. Bc2 Nc5 25. Ka2 Nxb3 26. Bxb3 Rb7 27. Be3 Qa6 28. Qd3 Qa5 29. Rc1 Rab8 30. Rc3 Bd8 31. h6 g6 32. h7+ Nxh7 33. f4 Bf6 34. Bd2 Nf8 35. Qh3 Qb6 36. f5 e4 37. fxg6 fxg6 38. Rg3 Qd4 39. Bc3 Rxb3 40. Rxg6+ Nxg6 41. Qe6+ Kg7 42. Bxd4 Rxb2+ 43. Bxb2 Rxb2+ 44. Ka1 Rb6+ 45. Ka2 Rb2+ 46. Ka1 Rh2+ 47. Qxf6+ Kxf6 48. Rxh2 Nf4 49. a4 Nxd5 50. a5 Nb4 51. Rb2 Na6 52. Rb6 e3 53. Rxd6+ Ke5 54. Rd8 Ke4 55. Re8+ Kd3 56. Ka2 e2 57. Kb2 Nc5 58. Rd8+ Ke3 59. Re8+ Ne4 60. Rb8 e1=Q 61. Rb3+ Kd4 62. Ra3 Qb4+ 63. Ka2 Nc3+ 0-1


[Site "https://www.chess.com"]

[Event "Titled Tuesday Blitz May 4 2021"]
[White "Abdalla, Luiz Guilherme Aurelli"]
[Black "Ljukin, Sergei"]
[WhiteFideId "2111080"]
[BlackFideId "14102200"]
[WhiteElo "2152"]
[BlackElo "2287"]
[Result "1/2-1/2"]
[Round "02"]
[TimeControl "180+1"]
[Date "2021.05.04"]
[WhiteClock "0:00:46"]
[BlackClock "0:00:11"]

1. d4 d5 2. c4 c6 3. Nf3 Nf6 4. e3 e6 5. Nc3 Nbd7 6. Bd3 dxc4 7. Bxc4 b5 8. Bd3 a6 9. O-O c5 10. a4 b4 11. Ne4 Bb7 12. Nxf6+ Nxf6 13. b3 Be7 14. Bb2 O-O 15. Ne5 Rc8 16. Qe2 cxd4 17. Bxd4 Qd5 18. f3 Qxb3 19. Rfb1 Qd5 20. Bxa6 Bxa6 21. Qxa6 Rc2 22. Qd3 Rfc8 23. a5 Bd6 24. e4 Qa8 25. a6 R2c7 26. h3 Nd7 27. Nxd7 Rxd7 28. Qe3 e5 29. Bb6 Rc6 30. Rc1 Rxc1+ 31. Qxc1 h6 32. a7 Rb7 33. Be3 b3 34. Rb1 Kh7 35. Qc6 Bf8 36. Rxb3 Rxa7 37. Qxa8 Rxa8 38. Rb7 f6 39. h4 Ba3 40. h5 Rc8 41. Kf2 Bc1 42. Bxc1 Rxc1 43. Kg3 Rc2 44. Kh3 Rc1 45. Kg3 Rc2 46. Kh3 Ra2 47. Kg3 Rc2 1/2-1/2


[Site "https://www.chess.com"]

[Event "Titled Tuesday Blitz May 4 2021"]
[White "Abdisalimov, Abdimalik"]
[Black "ValeriyGrinev"]
[WhiteFideId "14206323"]
[WhiteElo "2389"]
[BlackElo "2618"]
[Result "1-0"]
[Round "02"]
[TimeControl "180+1"]
[Date "2021.05.04"]
[WhiteClock "0:00:58"]
[BlackClock "0:00:22"]

1. e4 c5 2. Nf3 d6 3. d4 cxd4 4. Nxd4 Nf6 5. Nc3 g6 6. f4 Nc6 7. Be2 Bg7 8. Be3 O-O 9. h3 Qb6 10. Nxc6 Qxc6 11. Bf3 Qa6 12. Qd2 Be6 13. a3 Rfc8 14. O-O-O b5 15. Be2 Rab8 16. Bd4 Qa5 17. Nd5 Qxd2+ 18. Rxd2 Bxd5 19. exd5 Nd7 20. Bxg7 Kxg7 21. Rd4 a5 22. Kb1 b4 23. axb4 Rxb4 24. Rxb4 axb4 25. Rd1 Nc5 26. Rd4 Rb8 27. b3 h5 28. g4 hxg4 29. hxg4 Kf6 30. Kc1 g5 31. Bd3 gxf4 32. Rxf4+ Kg7 33. Kd2 e5 34. dxe6 fxe6 35. Ke3 e5 36. Rf5 Rh8 37. Rg5+ Kf6 38. Rf5+ Ke7 39. g5 Rh3+ 40. Rf3 Rxf3+ 41. Kxf3 d5 42. Kg4 e4 43. Be2 d4 44. Kf5 d3 45. cxd3 exd3 46. Bd1 d2 47. g6 Nd3 48. Kg5 Nf2 49. g7 Kf7 50. Kh6 Ne4 51. Kh7 Nf6+ 52. Kh8 Kg6 53. g8=Q+ Nxg8 54. Kxg8 Kf5 55. Kf7 Kf4 56. Ke6 Ke3 57. Kd5 Kf2 58. Kc5 Ke1 59. Bc2 1-0


[Site "https://www.chess.com"]

[Event "Titled Tuesday Blitz May 4 2021"]
[White "Abdyzhapar, Asylbek"]
[Black "Martin, Lewis"]
[WhiteFideId "13800337"]
[BlackFideId "410551"]
[WhiteElo "2383"]
[BlackElo "2145"]
[Result "0-1"]
[Round "02"]
[TimeControl "180+1"]
[Date "2021.05.04"]
[WhiteClock "0:00:03"]
[BlackClock "0:00:02"]

1. d4 d5 2. c4 c6 3. Nf3 Nf6 4. Nc3 dxc4 5. a4 Bf5 6. e3 e6 7. Bxc4 Bb4 8. O-O O-O 9. Qe2 Bg6 10. Rd1 Nbd7 11. Bd3 Qa5 12. e4 e5 13. dxe5 Nxe5 14. Nxe5 Qxe5 15. f3 Bxc3 16. bxc3 Qxc3 17. Be3 Rfd8 18. a5 Nd7 19. Rdc1 Qf6 20. a6 b6 21. Qc2 c5 22. Bb5 Nf8 23. Rd1 Ne6 24. Rxd8+ Rxd8 25. Rd1 Rxd1+ 26. Qxd1 Nd4 27. Bf1 Qd8 28. h3 f5 29. e5 Bf7 30. f4 Bb3 31. Qd3 Bc2 32. Qc4+ Kf8 33. Kh2 Be4 34. Qa2 Nc2 35. Bf2 Qd1 36. Bb5 Qd5 37. Bc4 Qd2 38. Bg8 Qd7 39. Be6 Qc7 40. Qc4 Nb4 41. Bh4 h6 42. Bg8 g5 43. fxg5 hxg5 44. Bxg5 Qxe5+ 45. Kh1 Bd5 46. Bxd5 Nxd5 47. Qh4 Qa1+ 48. Kh2 Qe5+ 49. Kg1 f4 50. Qh6+ Kf7 51. Bh4 Qe3+ 52. Bf2 Qc1+ 53. Kh2 Nf6 54. Qg5 Qd2 55. Qh4 c4 0-1


[Site "https://www.chess.com"]

[Event "Titled Tuesday Blitz May 4 2021"]
[White "Aditya Mittal"]
[Black "Sztokbant, Bernardo Vainzoff"]
[WhiteFideId "35042025"]
[BlackFideId "2115956"]
[WhiteElo "2171"]
[BlackElo "2264"]
[Result "1-0"]
[Round "02"]
[TimeControl "180+1"]
[Date "2021.05.04"]
[WhiteClock "0:00:35"]
[BlackClock "0:00:07"]

1. d4 Nf6 2. c4 e6 3. Nc3 d5 4. cxd5 exd5 5. Bg5 c6 6. e3 Be7 7. Bd3 Nbd7 8. Nge2 O-O 9. O-O Re8 10. Qc2 Nf8 11. f3 g6 12. Bh4 Ne6 13. Rad1 Ng7 14. Bf2 Bd6 15. h3 Bc7 16. e4 Be6 17. e5 Nd7 18. g4 f5 19. Kg2 Qe7 20. a3 Rf8 21. b4 a5 22. Rb1 axb4 23. axb4 b5 24. Qd2 Nb6 25. Nf4 fxg4 26. fxg4 Ra3 27. Be3 Nc4 28. Bxc4 dxc4 29. Ne4 Rxf4 30. Rxf4 Bd5 31. Kh2 Bxe4 32. Rxe4 Ne6 33. Rf1 Qd7 34. Bh6 Ra8 35. Qf2 c3 36. Re3 Nxd4 37. Qf8+ 1-0


[Site "https://www.chess.com"]

[Event "Titled Tuesday Blitz May 4 2021"]
[White "Alexeev, Alexey"]
[Black "Roebers, Jan"]
[WhiteFideId "14106663"]
[BlackFideId "1007815"]
[WhiteElo "2185"]
[BlackElo "2194"]
[Result "1-0"]
[Round "02"]
[TimeControl "180+1"]
[Date "2021.05.04"]
[WhiteClock "0:01:19"]
[BlackClock "0:00:01"]

1. e4 e5 2. Nf3 Nc6 3. Bc4 Nf6 4. d3 Bc5 5. c3 O-O 6. O-O d5 7. exd5 Nxd5 8. Re1 Nb6 9. Bb5 Bd7 10. Bxc6 Bxc6 11. Nxe5 Be8 12. d4 Bd6 13. Nd2 Nd7 14. Ndf3 Nxe5 15. dxe5 Bc5 16. Be3 Bb6 17. Qxd8 Rxd8 18. Bxb6 axb6 19. Rad1 Bc6 20. Nd4 Bd5 21. b3 Rfe8 22. c4 Be6 23. Nxe6 fxe6 24. f4 Kf7 25. Kf2 Ke7 26. Ke3 c6 27. g4 b5 28. c5 Ra8 29. Re2 Red8 30. Rd6 Rxd6 31. cxd6+ Kd7 32. f5 b4 33. Ke4 c5 34. Rd2 b5 35. Rc2 Rc8 36. h4 c4 37. bxc4 bxc4 38. Kd4 c3 39. Kd3 Rc5 40. fxe6+ Kxe6 41. Re2 Rd5+ 42. Kc2 Rd4 43. Re3 Rxg4 44. Rd3 Rg2+ 45. Kc1 Rg1+ 46. Rd1 1-0


[Site "https://www.chess.com"]